Map: Frozen Temple

Players

JimRising

  • Race: Zerg Zerg
  • League: Grandmaster

Kelazhur - Winner!

  • Race: Terran Terran
  • League: Master

Event: Team Gravity's Fight Night #40

VOD

Have the link to the VOD?

Description

Time

  • Played on: April 10, 2016, 6:42 p.m.
  • Length: 9:58

All games in this series

Show
View Real Time Build Order
Export as new Build Order

JimRising Zerg 

Build Orders: Hatch First 

Get SALT Encoding   

  12  0:01  Drone  
  13  0:12  Overlord  
  13  0:18  Drone  
  14  0:31  Drone x2  
  16  0:37  Drone  
  17  0:54  Hatchery  
  17  0:56  Drone  
  17  1:01  Drone  
  18  1:13  Spawning Pool  
  18  1:17  Extractor  
  16  1:21  Drone  
  16  1:22  Drone  
  18  1:30  Drone  
  19  1:41  Overlord  
  19  2:00  Queen  
  21  2:01  Zergling x4  
  21  2:05  Queen  
  25  2:10  Roach Warren  
  25  2:12  Drone  
  25  2:15  Drone  
  25  2:18  Drone  
  27  2:23  Drone  
  27  2:28  Drone  
  29  2:37  Drone  
  29  2:47  Overlord  
  29  2:48  Drone  
  30  3:02  Overlord  
  30  3:10  Roach x2  
  30  3:11  Roach x2  
  30  3:12  Roach  
  40  3:16  Queen  
  40  3:17  Overlord  
  42  3:22  Drone x2  
  42  3:26  Drone x2  
  46  3:36  Drone  
  46  3:37  Drone x2  
  49  3:50  Extractor, Drone x3  
  49  3:51  Drone x2  
  53  3:57  Overlord  
  53  3:59  Extractor, Ravager  
  52  4:04  Ravager  
  52  4:05  Drone x4  
  52  4:08  Lair  
  57  4:15  Drone  
  57  4:16  Extractor  
  57  4:18  Drone x3  
  60  4:37  Drone x2  
  60  4:39  Drone  
  60  4:40  Drone x2  
  60  4:43  Zergling x4  
  65  4:50  Roach x2  
  65  4:52  Zergling x2  
  64  5:02  Spore Crawler  
  55  5:14  Spore Crawler  
  55  5:18  Overseer  
  54  5:24  Spire, Drone x4  
  54  5:27  Drone x2  
  57  5:37  Drone x2  
  57  5:38  Drone  
  59  5:52  Overlord x3  
  54  6:04  Hatchery  
  54  6:11  Drone x4  
  54  6:12  Overlord  
  57  6:19  Overlord  
  57  6:35  Mutalisk x7  
  71  6:44  Zerg Flyer Weapons Level 1  
  72  6:47  Drone x2  
  72  6:48  Evolution Chamber  
  72  6:49  Evolution Chamber  
  69  6:59  Roach x2  
  69  7:00  Roach x2  
  77  7:07  Drone x4  
  74  7:23  Drone x4  
  74  7:25  Drone x2  
  74  7:26  Overlord, Zerg Ground Armor Level 1  
  74  7:28  Zerg Missile Weapons Level 1  
  80  7:33  Spore Crawler  
  80  7:36  Glial Reconstitution  
  79  7:44  Drone x6  
  79  7:45  Drone  
  79  7:48  Drone  
  79  7:49  Overlord  
  87  7:58  Roach x3  
  91  8:00  Drone  
  91  8:04  Roach x2  
  98  8:07  Extractor  
  98  8:08  Extractor, Drone  
  97  8:18  Roach  
  97  8:19  Drone x7  
  106  8:29  Infestation Pit  
  106  8:31  Hydralisk Den, Drone x3  
  106  8:32  Drone x2  
  109  8:39  Overseer  
  109  8:40  Pneumatized Carapace  
  109  8:54  Overlord x2  
  109  8:56  Hatchery  
  109  9:01  Extractor  
  109  9:02  Extractor  
  106  9:10  Overlord  
  106  9:11  Overlord x3  
  106  9:15  Overlord  
  106  9:21  Overlord  
  106  9:29  Roach x4  
  106  9:30  Roach  
Show
View Real Time Build Order
Export as new Build Order

Kelazhur Terran - Winner!

Build Orders: Reaper Expand, Hellion Banshee 

Get SALT Encoding   

  12  0:03  SCV  
  13  0:15  SCV  
  13  0:19  Supply Depot  
  14  0:27  SCV  
  15  0:41  SCV  
  15  0:42  Barracks  
  16  0:45  Refinery  
  16  0:53  SCV  
  17  1:05  SCV  
  18  1:17  SCV  
  19  1:30  Orbital Command, Reaper  
  20  1:41  Command Center  
  20  1:52  Supply Depot  
  20  1:55  SCV  
  20  1:58  Refinery  
  21  2:02  Marine  
  21  2:07  SCV  
  23  2:15  Factory  
  23  2:20  SCV  
  24  2:29  Barracks Reactor  
  24  2:32  SCV  
  25  2:44  SCV  
  26  2:54  Orbital Command  
  26  2:56  SCV, Bunker  
  27  3:09  Starport  
  27  3:10  SCV  
  28  3:14  Hellion x2  
  28  3:18  Barracks Tech Lab  
  32  3:20  SCV  
  33  3:29  SCV  
  34  3:35  SCV, Hellion x2  
  39  3:42  SCV, Supply Depot  
  39  3:48  SCV  
  41  3:52  Banshee, Cloaking Field  
  41  3:54  SCV  
  45  3:56  Armory  
  45  4:00  SCV  
  46  4:07  Hellion, SCV  
  49  4:12  SCV  
  49  4:14  Marine  
  51  4:19  SCV, Supply Depot  
  52  4:24  SCV  
  52  4:31  SCV  
  54  4:41  Hellion x2, SCV  
  54  4:43  SCV  
  60  4:53  SCV  
  60  4:57  Banshee, Supply Depot  
  62  5:04  SCV  
  62  5:05  SCV  
  62  5:09  Hellion  
  62  5:10  Command Center  
  58  5:18  Starport  
  58  5:19  Starport  
  58  5:20  SCV  
  59  5:25  SCV  
  59  5:27  Refinery  
  60  5:28  Refinery  
  60  5:32  Supply Depot x2  
  60  5:33  SCV  
  61  5:37  SCV  
  61  5:38  Hellion  
  61  5:39  Hellion  
  66  5:45  SCV  
  66  5:48  Banshee  
  70  5:53  SCV  
  72  5:57  SCV  
  72  6:00  Hellion x2  
  76  6:06  SCV  
  76  6:07  Supply Depot  
  76  6:08  Supply Depot  
  77  6:11  Starport Reactor  
  77  6:12  Starport Tech Lab  
  77  6:13  Terran Ship Weapons Level 1  
  77  6:14  SCV  
  77  6:15  Barracks Tech Lab  
  77  6:16  Armory  
  78  6:21  Hellion x2  
  78  6:22  Orbital Command, Liberator x2  
  78  6:24  SCV  
  83  6:30  SCV  
  84  6:37  Factory  
  90  6:41  SCV  
  90  6:46  Engineering Bay  
  91  6:47  SCV  
  91  6:50  Liberator x2  
  93  6:54  SCV  
  93  6:55  Refinery  
  93  6:56  Hellion x2, Refinery  
  98  7:05  Liberator  
  89  7:09  Orbital Command  
  89  7:10  SCV x2  
  89  7:11  Terran Vehicle And Ship Armor Level 1  
  89  7:13  Missile Turret  
  89  7:15  Missile Turret  
  91  7:16  Missile Turret  
  91  7:19  Hellion x2  
  95  7:24  Liberator  
  95  7:28  SCV x2  
  100  7:36  Liberator  
  100  7:40  SCV  
  100  7:43  SCV x2  
  106  7:48  Liberator  
  106  7:51  Supply Depot x2  
  106  7:52  SCV, Missile Turret  
  106  7:55  SCV x2  
  112  8:04  SCV  
  116  8:07  SCV, Liberator  
  124  8:12  SCV, Supply Depot  
  124  8:13  Hellion x3  
  124  8:15  Supply Depot  
  124  8:16  SCV, Supply Depot  
  122  8:26  Liberator  
  125  8:29  Fusion Core  
  125  8:31  Command Center  
  125  8:36  Hellion x3  
  125  8:40  Banshee  
  137  8:52  Liberator  
  137  8:55  Supply Depot  
  137  9:00  Hellion x3, Supply Depot  
  149  9:13  Banshee  

Tags
 
Add a new tag
Caveats
  • Supply blocks, unpowered buildings, or Contaminate may cause inaccurate times.
  • Supply counts are checked every 10 seconds.